 Dungeon Crawl Stone Soup version 0.31-a0-1074-g0b22e4e0f1 (webtiles) character file.

Game seed: 11206954105190334369

240885 Lobster4 the Cryomancer (level 19, 0/158 HPs)
             Began as a Merfolk Ice Elementalist on Dec 1, 2023.
             Was the Champion of Nemelex Xobeh.
             Killed from afar by a deep elf sorcerer (36 damage)
             ... with damnation
             ... on level 3 of the Elven Halls on Dec 2, 2023.
             The game lasted 04:01:43 (49302 turns).

Lobster4 the Cryomancer (Merfolk Ice Elementalist) Turns: 49302, Time: 04:01:44

Health: 0/158      AC: 20    Str:  8    XL:     19   Next: 79%
Magic:  6/29       EV: 17    Int: 28    God:    Nemelex Xobeh [******]
Gold:   3331       SH: 15    Dex: 14    Spells: 3/32 levels left

rFire   + . .        a - +7 rapier "Etyo" {flame, Stlth+}
rCold   + + +        K - +1 kite shield {reflect}
rNeg    + + +        Q - +2 leather armour of Whack-A-Mole {rPois rN+ Will+ Int+3}
rPois   +            e - +2 helmet
rElec   .            P - +2 cloak
rCorr   .            q - +1 Delatra's gloves {ID++}
SInv    +            x - +3 pair of mountain boots {steadfast, rC+}
Will    ++...        U - amulet of Departure {RegenMP rC++ rN+ Int+2}
Stlth   ++++         j - ring "Qoagaomo" {Wiz rF+ rN+}
HPRegen 0.46/turn    u - ring of the Octopus King {HP+2 AC+2 EV+2 SH+2 SInv}
MPRegen 0.61/turn

%: reflection, wizardry (x1)
@: studying Unarmed Combat
A: (nimble swimmer 2), mertail, robust 1, screaming 1
}: 1/15 runes: serpentine
a: Renounce Religion, Draw Escape, Draw Destruction, Draw Summoning, Triple
Draw, Deal Four, Stack Five


You were on level 3 of the Elven Halls.
You worshipped Nemelex Xobeh.
Nemelex Xobeh was exalted by your worship.
You visited 6 branches of the dungeon, and saw 30 of its levels.
You also visited: Ossuary and Volcano.

You collected 3648 gold pieces.
You spent 317 gold pieces at shops.

Inventory:

Hand Weapons
 a - the +7 rapier "Etyo" (weapon) {flame, Stlth+}
   (You found it on level 4 of the Lair of Beasts)

   Stlth+:    It makes you more stealthy.
 z - the +1 rapier of Gifeh {speed, rPois rC+ Will+ Dex-4}
   (You found it on level 9 of the Dungeon)

   Dex-4:     It affects your dexterity (-4).
   rC+:       It protects you from cold.
   rPois:     It protects you from poison Will+: It increases your willpower.
Missiles
 i - 54 poisoned darts (quivered)
 M - 12 curare-tipped darts
 T - 3 javelins
Armour
 d - the +5 robe of Pragmatism {rF+ Stlth+ Archmagi}
   (You bought it in a shop on level 2 of the Orcish Mines)

   rF+:       It protects you from fire.
   Stlth+:    It makes you more stealthy.
   Archmagi:  It increases the power of your magical spells.
 e - a +2 helmet (worn)
 q - the +1 Delatra's gloves (worn) {ID++}
   (You found it on level 2 of the Dungeon)

   ID++:      It heals its wearer when they drink unknown potions, and restores
   their MP when they read unknown scrolls.
 x - the +3 pair of mountain boots (worn) {steadfast, rC+}
   (You found it on level 4 of the Snake Pit)

   Steadfast: It prevents involuntary movement, except for blinking,
   teleportation, or banishment.
   rC+:       It protects you from cold.
 K - a +1 kite shield of reflection (worn)
 P - a +2 cloak (worn)
 Q - the +2 leather armour of Whack-A-Mole (worn) {rPois rN+ Will+ Int+3}
   (You found it on level 5 of the Lair of Beasts)

   Int+3:     It affects your intelligence (+3).
   rPois:     It protects you from poison rN+: It protects you from negative
   energy.
   Will+:     It increases your willpower.
Magical Staves
 h - a staff of air
 W - a staff of fire
Jewellery
 j - the ring "Qoagaomo" (left hand) {Wiz rF+ rN+}
   (You found it on level 2 of the Snake Pit)

   [ring of wizardry]

   Wiz:       It improves your spell success rate.
   rF+:       It protects you from fire.
   rN+:       It protects you from negative energy.
 u - a ring of the Octopus King (right hand) {HP+2 AC+2 EV+2 SH+2 SInv}
   (You found it on level 3 of the Snake Pit)

   [ring of see invisible]

   AC+2:      It affects your AC (+2).
   EV+2:      It affects your evasion (+2).
   HP+2:      It affects your health (+2).
   SInv:      It lets you see invisible.
   SH+2:      It affects your SH (+2).
 U - the amulet of Departure (around neck) {RegenMP rC++ rN+ Int+2}
   (You found it on level 3 of the Elven Halls)

   [amulet of magic regeneration]

   RegenMP:   It increases your rate of magic regeneration.
   Int+2:     It affects your intelligence (+2).
   rC++:      It greatly protects you from cold.
   rN+:       It protects you from negative energy.
Wands
 w - a wand of quicksilver (19)
 y - a wand of digging (10)
 C - a wand of paralysis (13)
 H - a wand of flame (46)
 X - a wand of roots (7)
Scrolls
 c - 2 scrolls of immolation
 k - a scroll of poison
 l - a scroll of butterflies
 n - a scroll of silence
 o - 6 scrolls of teleportation
 r - 4 scrolls of fear
 A - 8 scrolls of enchant armour
 B - 2 scrolls of amnesia
 J - 6 scrolls of enchant weapon
 L - 3 scrolls of fog
 N - 17 scrolls of identify
 Z - 2 scrolls of blinking
Potions
 b - a potion of magic
 g - 11 potions of curing
 m - 2 potions of lignification
 s - 4 potions of invisibility
 t - 4 potions of resistance
 v - 7 potions of mutation
 D - 3 potions of ambrosia
 E - 4 potions of brilliance
 F - 7 potions of heal wounds
 I - 4 potions of haste
 O - 7 potions of might
 S - 4 potions of attraction
 V - 4 potions of enlightenment
Miscellaneous
 p - a box of beasts
 Y - a tin of tremorstones (2/2)


   Skills:
 + Level 10.7 Fighting
 + Level 10.8 Short Blades
 - Level 3.0 Throwing
 - Level 6.0 Armour
 + Level 12.8 Dodging
 - Level 7.0 Stealth
 - Level 13.0 Shields
 - Level 7.0 Spellcasting
 - Level 5.0 Conjurations
 - Level 3.0 Hexes
 - Level 4.0 Summonings
 - Level 4.0 Necromancy
 * Level 24.5 Ice Magic
 - Level 4.0 Air Magic
 - Level 5.0 Poison Magic
 - Level 7.0 Invocations
 - Level 3.0 Evocations


You had 3 spell levels left.
You knew the following spells:

 Your Spells              Type           Power      Damage    Failure   Level
a - Freeze                Ice            100%       1d10      0%          1
b - Ozocubu's Armour      Ice            99%        N/A       0%          3
c - Frozen Ramparts       Ice            100%       1d16      0%          3
d - Ensorcelled Hibernat  Hex/Ice        100%       N/A       1%          2
e - Poisonous Vapours     Pois/Air       70%        N/A       1%          2
f - Freezing Cloud        Conj/Ice/Air   32%        6-21      2%          5
g - Summon Ice Beast      Ice/Summ       74%        N/A       1%          4
h - Mephitic Cloud        Conj/Pois/Air  35%        N/A       4%          3
n - Simulacrum            Ice/Necr       37%        N/A       3%          6

Your spell library contained the following spells:

 Spells                   Type           Power      Damage    Failure   Level
 Necrotise                Necr           100%       1d9       1%          1
 Summon Small Mammal      Summ           100%       N/A       1%          1
 Static Discharge         Conj/Air       70%        3-6/arc   1%          2
 Cigotuvi's Dreadful Rot  Necr/Pois/Air  68%        N/A       2%          2
 Sublimation of Blood     Necr           32%        N/A       2%          2
 Jinxbite                 Hex            52%        N/A       3%          2
 Momentum Strike          Conj/Tloc      46%        3d9       4%          2
 Call Canine Familiar     Summ           32%        N/A       4%          3
 Dazzling Flash           Conj/Hex       64%        N/A       4%          3
 Swiftness                Air            32%        N/A       4%          3
 Summon Guardian Golem    Hex/Summ       29%        N/A       6%          3
 Sigil of Binding         Hex            26%        N/A       8%          3
 Apportation              Tloc           18%        N/A       9%          1
 Blink                    Tloc           18%        N/A       12%         2
 Lesser Beckoning         Tloc           18%        N/A       12%         2
 Passwall                 Tmut/Erth      7%         N/A       12%         2
 Ignite Poison            Fire/Tmut/Pois 19%        N/A       13%         3
 Gell's Gravitas          Tloc           9%         N/A       24%         3
 Teleport Other           Tloc           9%         N/A       24%         3
 Airstrike                Air            16%        2d(3-19)  16%         4
 Dispel Undead            Necr           32%        3d14      16%         4
 Summon Lightning Spire   Summ/Air       32%        N/A       16%         4
 Anguish                  Hex/Necr       14%        N/A       19%         4
 Sticky Flame             Conj/Fire      23%        2d4       28%         4
 Animate Armour           Summ/Erth      42%        N/A       32%         4
 Dimensional Bullseye     Hex/Tloc       9%         N/A       38%         4
 Leda's Liquefaction      Hex/Erth       9%         N/A       38%         4
 Agony                    Necr           32%        N/A       38%         5
 Silence                  Hex/Air        14%        N/A       45%         5
 Summon Mana Viper        Hex/Summ       29%        N/A       45%         5
 Manifold Assault         Tloc           9%         N/A       58%         4
 Petrify                  Tmut/Erth      9%         N/A       58%         4
 Irradiate                Conj/Tmut      11%        3d15      58%         5
 Lee's Rapid Deconstruct  Erth           4%         3d5*      89%         5
 Death Channel            Necr           16%        N/A       91%         6
 Plasma Beam              Fire/Air       10%        2x1d21    99%         6
 Dispersal                Tloc           4%         N/A       100%        6
 Monstrous Menagerie      Summ           16%        N/A       100%        7
 Disjunction              Tloc           4%         N/A       100%        8
 Ignition                 Fire           4%         3d4       100%        8


Dungeon Overview and Level Annotations

Branches:
Dungeon (15/15)            Temple (1/1) D:5            Lair (5/5) D:11
 Shoals (0/4) Lair:2        Snake (4/4) Lair:2        Slime (0/5) Lair:4
    Orc (2/2) D:11            Elf (3/3) Orc:2        Vaults (0/5) D:14
 Depths (0/4) D:15        Ossuary (visited)         Volcano (visited)

Altars:
Ashenzari
Cheibriados
Dithmenos
Elyvilon
Fedhas
Gozag
Hepliaklqana
Kikubaaqudgha
Makhleb
Nemelex Xobeh
Okawaru
Qazlal
Ru
Sif Muna
Trog
Uskayaw
Vehumet
Wu Jian
Xom
Yredelemnul
Zin
The Shining One
Ignis
Jiyva
Lugonu

Shops:
D:8 [   D:9 *   Orc:2 =**:   Elf:3 :   Snake:1 :   Snake:2 *   Snake:3 **

Portals:
Hell: Lair:5
Trove: D:14 (give 7 scrolls of fear)

Annotations:
D:15 Roxanne
Snake:1 2 transporters, exclusion: obsidian statue
Snake:2 3 runed translucent doors, exclusion: obsidian statue, Wastoufi's ghost, adept GrFi
Elf:2 3 runed translucent doors


Innate Abilities, Weirdness & Mutations

((You are very nimble when in or above water. (Stealth+, EV+, Speed+++)))
Your lower body shifts to a powerful aquatic tail in water.
You are robust. (+10% HP)
You occasionally shout uncontrollably at your foes.


Message History

The deep elf demonologist is engulfed in freezing vapours.
The deep elf demonologist mumbles some strange words.
The ufetubus is engulfed in freezing vapours.
The deep elf sorcerer gestures at you while chanting.
The sphere of damnation explodes!
The damnation engulfs you!!!
The damnation engulfs your deep elf sorcerer simulacrum!!
The ufetubus is engulfed in freezing vapours. x3
You kill the ufetubus!
The ufetubus disappears in a puff of smoke!
The hellwing is engulfed in freezing vapours.
The deep elf demonologist is engulfed in freezing vapours.
You kill the deep elf demonologist!
A freezing mist starts to gather...
The ynoxinul disappears in a puff of smoke!
The ufetubus disappears in a puff of smoke! x2
The hellwing disappears in a puff of smoke!
The Brimstone Fiend disappears in a puff of smoke!
A freezing mist starts to gather... x2
You hear a shout!
You swap places.
The deep elf sorcerer is engulfed in freezing vapours.
The deep elf sorcerer hits your deep elf sorcerer simulacrum with a +0 short sword!
Your deep elf sorcerer simulacrum vaporises!
You see here a +0 long sword.
The deep elf sorcerer is engulfed in freezing vapours.
Things that are here:
a +3 long sword; an elf skeleton You draw a card...
You have drawn the Orb.
Press: ? - help, Shift-Dir - straight line, f - deep elf sorcerer
Aim: a deep elf sorcerer, wielding a +0 short sword and wearing a +0 leather armour (freezing vapour, moderately wounded, fast, ally target)
The deep elf sorcerer is engulfed in freezing vapours.
The deep elf sorcerer gestures at you while chanting.
The sphere of damnation explodes!
The damnation engulfs you!!!
* * * LOW HITPOINT WARNING * * *
The deep elf sorcerer is engulfed in freezing vapours.
The deep elf sorcerer casts a spell at you.
The sphere of damnation explodes!
The damnation engulfs you!!!
You die...
Your body disappears without a glow.

.################################
..#....[.........................
..'....Z...[......[..............
.)##'#####'#######)######'##'####
.##..)#.......#.....#....Z.'.?...
##....#.......#.....#......#.....
#.....'.......').)..+......#.....
...#############[################
...#*** #@# *** ...#*,*** #*#
***,* .=.#*,,,*** #.# ***,,,*
.".#*,,,,,*** #e# ***,,,,,*
.".#*,*,,,,,***#☼#***,,,,,*,*
...#*,***,,,,,*#Z#*,,,,,***,*
##'#*,,,***,,,,.Z),,,,****,,*
...#*,,,,,**,,.§§Z.,,***,,,,*
...#*,,,,,,,,.......,**,,,,,*


You could see a deep elf sorcerer (fast, ally target) and 3 friendly deep elf
demonologist simulacra.

Vanquished Creatures
  A golden dragon (Elf:3)
  2 deep elf master archers (Elf:3)
  2 deep elf blademasters (Elf:3)
  The ghost of Foashama the Severer, an adept DsWr of Gozag (Elf:1)
  9 nagarajas
  4 deep elf sorcerers (Elf:3)
  4 deep elf elementalists (Elf:3)
  3 deep elf demonologists (Elf:3)
  3 deep elf annihilators (Elf:3)
  2 deep elf death magi (Elf:3)
  2 deep elf high priests
  An ice dragon (Snake:3)
  A salamander tyrant (Snake:2)
  11 hydras
  3 centaur warriors
  A death knight (D:14)
  10 anacondas
  Erica (Orc:1)
  16 naga warriors
  15 dancing weapons
  4 boulder beetles
  5 death yaks
  A two-headed ogre (Orc:2)
  9 naga sharpshooters
  5 tengu warriors
  4 orc high priests
  A vampire mage (D:15)
  10 deep elf knights
  Urug (D:10)
  9 shock serpents
  Sonja (Lair:5)
  A sun demon (Lair:5)
  6 salamander mystics
  2 skeletal warriors
  A goliath frog (shapeshifter) (Elf:2)
  3 skysharks
  11 sea snakes
  A storm dragon skeleton (D:15)
  A swamp dragon (Lair:5)
  8 naga ritualists
  A phantasmal warrior (D:14)
  3 lindwurms (Lair:2)
  6 deep elf archers
  22 deep elf pyromancers
  A necromancer (D:15)
  4 orc knights
  15 ugly things (D:14)
  17 deep elf zephyrmancers
  4 orc sorcerers
  An oklob plant (Lair:5)
  8 mana vipers
  3 manticores
  6 cyclopes
  20 salamanders
  10 elephants
  3 merfolk sirens (Lair:2)
  6 guardian serpents
  34 black mambas
  2 gargoyles
  30 naga magi
  The ghost of kd29 the Changeling, a novice DrSh (D:4)
  A water nymph (Orc:2)
  3 torpor snails
  An eye of devastation (shapeshifter) (Elf:2)
  An unseen horror (D:11)
  An orange demon (Lair:5)
  8 cane toads
  3 centaur skeletons (D:14)
  A komodo dragon (shapeshifter) (D:11)
  An efreet (D:14)
  2 yaktaurs (D:14)
  14 komodo dragons
  3 freezing wraiths (D:14)
  A red devil (Lair:5)
  4 tengu conjurers
  5 rime drakes
  9 trolls
  An ice devil (Lair:5)
  3 meliai (D:13)
  3 polar bears (D:8)
  A queen bee (Lair:5)
  10 blink frogs
  A hellwing (Lair:5)
  A glass eye (Elf:1)
  A wind drake (Lair:5)
  Prince Ribbit (D:8)
  A dream sheep (Lair:4)
  4 slime creatures
  A jumping spider (Lair:5)
  2 shadows
  A spriggan skeleton (D:15)
  3 air elementals (Elf:1)
  2 wyverns
  4 wraiths
  A steam dragon (D:6)
  A basilisk (D:15)
  24 yaks
  5 fire elementals
  A human (D:11)
  A fire bat (Snake:3)
  6 vampire mosquitoes
  36 nagas
  2 wargs (D:11)
  An acid dragon (D:11)
  11 water moccasins
  10 hell hounds
  18 orc warriors
  Pargi (D:3)
  2 sky beasts
  5 black bears
  3 ice beasts
  10 ogres
  The ghost of IsekaiLord the Changeling, an amateur DrSh (D:3)
  A boggart (D:14)
  13 wolves
  2 phantoms
  9 centaurs
  8 kobold brigands
  A gnoll sergeant (D:10)
  6 bullfrogs
  4 scorpions
  2 earth elementals
  4 water moccasin zombies
  2 wights (D:10)
  A wyvern skeleton (D:4)
  10 killer bees
  4 howler monkeys
  7 electric eels
  22 orc priests
  11 hounds
  A sleepcap (D:7)
  Crazy Yiuf (D:3)
  2 jellies
  3 iguanas
  24 orc wizards
  3 mummies
  A killer bee simulacrum (D:8)
  8 gnolls
  10 adders
  A river rat (D:3)
  6 white imps
  5 adder zombies (Ossuary)
  64 orcs
  19 bats
  6 endoplasms
  5 giant cockroaches
  13 goblins
  10 hobgoblins
  39 kobolds
  6 quokkas
  6 ball pythons
  4 frilled lizards
  6 gnoll zombies (Ossuary)
  4 hobgoblin zombies (Ossuary)
  8 orc zombies
  7 rats
979 creatures vanquished.

Vanquished Creatures (collateral kills)
  A nagaraja (Snake:4)
  2 deep elf sorcerers (Elf:3)
  2 deep elf elementalists (Elf:3)
  The ghost of Gadrel the Destroyer, a journeyman BaWn of Hepliaklqana (Orc:2)
  The ghost of Begoar the Fighter, a journeyman HuMo of Wu Jian (Lair:5)
  A deep elf demonologist (Orc:2)
  The ghost of RabbitInGlasses the Mimic, a journeyman DrSh of Makhleb (Lair:2)
  The ghost of Tafosm the Fighter, a journeyman DsMo of Trog (D:11)
  A salamander tyrant (Snake:4)
  A sphinx zombie (D:15)
  A hydra (Lair:5)
  A boulder beetle (D:14)
  An anaconda (Snake:2)
  4 dancing weapons
  A two-headed ogre (D:13)
  2 naga warriors
  3 shock serpents
  A deep elf knight (Elf:2)
  A skeletal warrior (D:14)
  A sea snake (Snake:3)
  2 deep elf archers (Elf:3)
  A naga ritualist (Snake:2)
  An arcanist (Lair:5)
  3 deep elf pyromancers
  6 deep elf zephyrmancers
  2 mana vipers
  2 orc knights
  2 ugly things (D:14)
  An orc sorcerer (Elf:3)
  4 salamanders
  3 guardian serpents (Snake:4)
  8 black mambas
  6 naga magi
  A cane toad (Lair:5)
  An eye of devastation (Lair:5)
  An efreet (D:14)
  2 trolls
  2 ice devils (Lair:5)
  A wind drake (shapeshifter) (D:13)
  3 dream sheep
  2 blink frogs
  A slime creature (D:13)
  A ynoxinul (D:11)
  An air elemental (Elf:3)
  A culicivora (Lair:5)
  2 yaks
  A water elemental (Elf:3)
  3 basilisks
  A fire elemental (Elf:1)
  A hog (Lair:5)
  2 vampire mosquitoes (D:11)
  2 wargs
  11 nagas
  3 water moccasins
  2 hell hounds
  4 orc warriors
  A hornet zombie (D:4)
  An ogre (Orc:2)
  2 centaurs
  A bullfrog (Lair:3)
  A wyvern zombie (D:4)
  A wight (D:10)
  A hound (D:11)
  2 orc priests (Orc:2)
  A gnoll (Orc:2)
  9 orcs
138 creatures vanquished.

Vanquished Creatures (others)
  2 nagarajas (Snake:4)
  A deep elf zephyrmancer (Elf:1)
  A centaur skeleton (D:14)
  A slime creature (D:13)
  A shadow (D:12)
  A naga (Snake:3)
7 creatures vanquished.

Grand Total: 1124 creatures vanquished

Notes
Turn   | Place    | Note
-------+----------+-------------------------------------------
     0 | D:1      | Lobster4 the Merfolk Ice Elementalist began the quest for
                  | the Orb.
     0 | D:1      | Reached XP level 1. HP: 13/13 MP: 3/3
   180 | D:1      | Reached XP level 2. HP: 17/20 MP: 5/5
  1087 | D:2      | Reached XP level 3. HP: 25/25 MP: 6/6
  1162 | D:2      | Found the +1 Delatra's gloves {ID++}
  1382 | D:2      | Reached skill level 1 in Fighting
  1489 | D:2      | Reached skill level 5 in Ice Magic
  1670 | D:2      | Reached XP level 4. HP: 31/32 MP: 7/7
  1677 | D:2      | Learned a level 3 spell: Frozen Ramparts
  1790 | D:2      | Reached skill level 1 in Short Blades
  2234 | D:3      | Noticed Pargi
  2500 | D:3      | Found a runed translucent door.
  2501 | D:3      | Noticed Crazy Yiuf
  2532 | D:3      | Killed Pargi
  2533 | D:3      | Reached XP level 5. HP: 38/38 MP: 7/9
  2549 | D:3      | Reached skill level 1 in Evocations
  2622 | D:3      | Found a runed translucent door.
  2622 | D:3      | Noticed IsekaiLord's ghost (amateur DrSh)
  2800 | D:3      | Reached skill level 1 in Throwing
  2809 | D:3      | Reached XP level 6. HP: 44/44 MP: 10/10
  2882 | D:3      | Learned a level 3 spell: Ozocubu's Armour
  2885 | D:3      | Learned a level 2 spell: Ensorcelled Hibernation
  3174 | D:3      | Found a runed translucent door.
  3605 | D:4      | Found a runed translucent gate.
  3605 | D:4      | Found a runed translucent gate.
  3606 | D:4      | Found a runed translucent gate.
  3616 | D:4      | Noticed kd29's ghost (novice DrSh)
  4169 | D:5      | Entered Level 5 of the Dungeon
  4239 | D:5      | Reached skill level 1 in Armour
  4350 | D:5      | Reached skill level 6 in Ice Magic
  4350 | D:5      | Reached skill level 1 in Poison Magic
  4350 | D:5      | Reached XP level 7. HP: 51/51 MP: 11/11
  4353 | D:5      | Learned a level 2 spell: Poisonous Vapours
  4503 | D:5      | Reached skill level 1 in Hexes
  4713 | D:5      | Found a staircase to the Ecumenical Temple.
  4722 | Temple   | Entered the Ecumenical Temple
  4741 | Temple   | Became a worshipper of Nemelex Xobeh the Trickster
  4929 | D:5      | Reached skill level 1 in Air Magic
  4929 | D:5      | Reached XP level 8. HP: 58/58 MP: 5/13
  5894 | D:3      | Killed Crazy Yiuf
  5895 | D:3      | Reached skill level 1 in Invocations
  6001 | D:3      | Killed IsekaiLord's ghost
  6328 | D:6      | Reached skill level 7 in Ice Magic
  6605 | D:6      | Reached XP level 9. HP: 47/63 MP: 7/15
  6787 | D:6      | Reached * piety under Nemelex Xobeh
  7323 | D:7      | Reached skill level 8 in Ice Magic
  8058 | D:8      | Noticed a polar bear
  8073 | D:8      | Killed a polar bear
  8104 | D:8      | Reached XP level 10. HP: 46/71 MP: 6/17
  8113 | D:8      | Reached skill level 5 in Spellcasting
  8113 | D:8      | Reached skill level 9 in Ice Magic
  8125 | D:8      | Found Seqel's Armour Emporium.
  8226 | D:8      | Received a gift from Nemelex Xobeh
  8246 | D:8      | Found a sand-covered staircase.
  8251 | Ossuary  | Entered an ossuary
  8569 | D:8      | Noticed Prince Ribbit
  8580 | D:8      | Killed Prince Ribbit
  8695 | D:8      | Reached skill level 5 in Invocations
  9104 | D:8      | Reached skill level 10 in Ice Magic
  9189 | D:8      | Reached skill level 5 in Dodging
  9236 | D:8      | Reached skill level 5 in Short Blades
  9267 | D:8      | Reached ** piety under Nemelex Xobeh
  9287 | D:8      | Received a gift from Nemelex Xobeh
  9304 | D:8      | Reached skill level 5 in Fighting
  9652 | D:8      | Bought a +0 buckler for 54 gold pieces
  9794 | D:9      | Noticed a gargoyle
  9832 | D:9      | Killed a gargoyle
  9833 | D:9      | Reached skill level 1 in Shields
  9973 | D:9      | Reached skill level 11 in Ice Magic
  9985 | D:9      | Found Fikh's Assorted Antiques.
  9989 | D:9      | Bought a smoky pink potion for 19 gold pieces
  9989 | D:9      | Bought a scroll labelled NUOBLENYGI for 22 gold pieces
 10009 | D:9      | Reached XP level 11. HP: 49/80 MP: 8/18
 10348 | D:9      | Identified the +1 rapier of Gifeh {speed, rPois rC+ Will+
                  | Dex-4}
 10572 | D:10     | Entered Level 10 of the Dungeon
 10572 | D:10     | Received a gift from Nemelex Xobeh
 10694 | D:10     | Noticed Urug
 10749 | D:10     | Killed Urug
 11046 | D:10     | Learned a level 4 spell: Summon Ice Beast
 11508 | D:10     | Reached skill level 1 in Summonings
 11899 | D:11     | Noticed a boulder beetle
 11961 | D:11     | Reached skill level 12 in Ice Magic
 11967 | D:11     | Killed a boulder beetle
 11970 | D:11     | Noticed a boulder beetle
 11994 | D:11     | Killed a boulder beetle
 12019 | D:11     | Noticed a manticore
 12020 | D:11     | Reached XP level 12. HP: 91/91 MP: 14/19
 12141 | D:11     | Found a staircase to the Orcish Mines.
 12178 | D:11     | Reached skill level 13 in Ice Magic
 12258 | D:11     | Noticed Tafosm's ghost (journeyman DsMo)
 12295 | D:11     | Found a runed translucent door.
 12379 | D:11     | Reached *** piety under Nemelex Xobeh
 12390 | D:11     | Found a staircase to the Lair.
 12552 | D:11     | Received a gift from Nemelex Xobeh
 12926 | Lair:1   | Entered Level 1 of the Lair of Beasts
 13029 | Lair:1   | Received a gift from Nemelex Xobeh
 13617 | Lair:1   | Reached skill level 14 in Ice Magic
 13937 | Lair:2   | Gained mutation: You are robust. (+10% HP) [potion of
                  | mutation]
 13937 | Lair:2   | Gained mutation: You occasionally shout uncontrollably at
                  | your foes. [potion of mutation]
 14239 | Lair:2   | Noticed a four-headed hydra
 14385 | Lair:2   | Found a staircase to the Snake Pit.
 14394 | Lair:2   | Reached **** piety under Nemelex Xobeh
 14468 | Lair:2   | Killed a four-headed hydra
 14808 | Lair:2   | Received a gift from Nemelex Xobeh
 14932 | Lair:2   | Found a runed translucent gate.
 14932 | Lair:2   | Found a runed translucent gate.
 14933 | Lair:2   | Found a runed translucent gate.
 14933 | Lair:2   | Noticed a nine-headed hydra
 14933 | Lair:2   | Noticed a 13-headed hydra
 14935 | Lair:2   | Noticed RabbitInGlasses's ghost (journeyman DrSh)
 15100 | Lair:2   | Found a staircase to the Shoals.
 15114 | Lair:2   | Reached XP level 13. HP: 107/107 MP: 12/20
 15750 | Lair:3   | Reached skill level 15 in Ice Magic
 15963 | Lair:3   | Received a gift from Nemelex Xobeh
 16347 | Lair:3   | Found a runed translucent door.
 16365 | Lair:3   | Reached skill level 5 in Armour
 17536 | Lair:4   | Reached skill level 5 in Shields
 17668 | Lair:4   | Found a staircase to the Slime Pits.
 17712 | Lair:4   | Found a viscous altar of Jiyva.
 17740 | Lair:4   | Identified the +7 rapier "Etyo" {flame, Stlth+}
 17764 | Lair:4   | Reached skill level 16 in Ice Magic
 18148 | Lair:5   | Entered Level 5 of the Lair of Beasts
 18438 | Lair:5   | Found a runed translucent door.
 18442 | Lair:5   | Noticed Begoar's ghost (journeyman HuMo)
 18477 | Lair:5   | Reached XP level 14. HP: 51/118 MP: 9/21
 18574 | Lair:5   | Received a gift from Nemelex Xobeh
 18595 | Lair:5   | Found a dark tunnel.
 18601 | Volcano  | Entered a volcano
 19225 | Lair:5   | Noticed Sonja
 19238 | Lair:5   | Killed Sonja
 19608 | Lair:5   | Received a gift from Nemelex Xobeh
 19792 | Lair:5   | Reached skill level 10 in Fighting
 20095 | Lair:5   | Found a burning altar of Makhleb.
 20100 | Lair:5   | Found a gateway to Hell.
 20670 | Lair:5   | Killed Begoar's ghost
 20671 | Lair:5   | Reached skill level 10 in Dodging
 20861 | Lair:5   | Identified the +2 leather armour of Whack-A-Mole {rPois rN+
                  | Will+ Int+3}
 21168 | Orc:1    | Entered Level 1 of the Orcish Mines
 21190 | Orc:1    | Reached skill level 17 in Ice Magic
 21233 | Orc:1    | Reached ***** piety under Nemelex Xobeh
 21569 | Orc:2    | Entered Level 2 of the Orcish Mines
 22210 | Orc:1    | Received a gift from Nemelex Xobeh
 22395 | Orc:2    | Found a staircase to the Elven Halls.
 22570 | Orc:2    | Noticed Gadrel's ghost (journeyman BaWn)
 22603 | Orc:2    | Found a runed translucent door.
 23169 | Orc:2    | Reached XP level 15. HP: 119/126 MP: 19/23
 23175 | Orc:2    | Learned a level 5 spell: Freezing Cloud
 23532 | Orc:2    | Found Ilyfomm's Jewellery Emporium.
 23532 | Orc:2    | Found Reritoiz's Assorted Antiques.
 23534 | Orc:2    | Found Humytett's Assorted Antiques.
 23534 | Orc:2    | Found Utifung's Book Shop.
 23546 | Orc:2    | Bought a polished robe for 222 gold pieces
 23546 | Orc:2    | Identified the +5 robe of Pragmatism {rF+ Stlth+ Archmagi}
                  | (You bought it in a shop on level 2 of the Orcish Mines)
 23613 | Orc:2    | Reached skill level 5 in Poison Magic
 23647 | Orc:2    | Reached skill level 1 in Conjurations
 23741 | Orc:2    | Received a gift from Nemelex Xobeh
 23933 | Orc:1    | Noticed Erica
 23940 | Orc:1    | Killed Erica
 24346 | D:12     | Learned a level 3 spell: Mephitic Cloud
 24400 | D:12     | Received a gift from Nemelex Xobeh
 24775 | D:12     | Found a shimmering blue altar of Sif Muna.
 24977 | D:13     | Received a gift from Nemelex Xobeh
 25247 | D:13     | Reached ****** piety under Nemelex Xobeh
 25470 | D:13     | Received a gift from Nemelex Xobeh
 25990 | D:13     | Reached skill level 5 in Stealth
 26990 | D:14     | Received a gift from Nemelex Xobeh
 27617 | D:14     | Reached skill level 18 in Ice Magic
 27906 | D:14     | Found a gate to the Vaults.
 28042 | D:14     | Received a gift from Nemelex Xobeh
 28258 | D:14     | Found a portal to a secret trove of treasure.
 28304 | D:14     | Reached skill level 10 in Short Blades
 28814 | D:15     | Entered Level 15 of the Dungeon
 29171 | D:15     | Noticed Roxanne
 29244 | D:15     | Reached XP level 16. HP: 127/134 MP: 8/26
 29387 | D:15     | Identified the +2 robe of the Gate {rPois Int+6 Dex+4
                  | Slay-5}
 29728 | D:15     | Found a staircase to the Depths.
 30486 | D:15     | Received a gift from Nemelex Xobeh
 30808 | Snake:1  | Entered Level 1 of the Snake Pit
 31575 | Snake:1  | Reached skill level 19 in Ice Magic
 31683 | Snake:1  | Found a transporter.
 31741 | Snake:1  | Identified the +1 short sword of the Turnip {flame, rN++}
 31767 | Snake:1  | Found a transporter.
 31857 | Snake:1  | Found Tafouh Satz's Self-Improvement Boutique.
 32412 | Snake:2  | Noticed a nagaraja
 32412 | Snake:2  | Received a gift from Nemelex Xobeh
 32796 | Snake:2  | Killed a nagaraja
 33424 | Snake:2  | Reached skill level 5 in Conjurations
 33551 | Snake:2  | Identified the +7 flail of Wucew {drain, rCorr}
 34048 | Snake:2  | Found a runed translucent gate.
 34048 | Snake:2  | Found a runed translucent gate.
 34048 | Snake:2  | Found a runed translucent gate.
 34049 | Snake:2  | Found an opulent altar of Gozag.
 34150 | Snake:2  | Received a gift from Nemelex Xobeh
 34454 | Snake:2  | Reached XP level 17. HP: 140/140 MP: 12/27
 34779 | Snake:2  | Found a transporter.
 34783 | Snake:2  | Found a shimmering blue altar of Sif Muna.
 34934 | Snake:2  | Received a gift from Nemelex Xobeh
 35058 | Snake:2  | Reached skill level 20 in Ice Magic
 35278 | Snake:2  | Noticed Wastoufi's ghost (adept GrFi)
 35278 | Snake:2  | Found Echoen's Assorted Antiques.
 35771 | Snake:3  | Reached skill level 10 in Shields
 36077 | Snake:3  | Found the ring of the Octopus King
 36090 | Snake:3  | Identified a ring of the Octopus King {HP+2 AC+2 EV+2 SH+2
                  | SInv}
 36205 | Snake:3  | Received a gift from Nemelex Xobeh
 36217 | Snake:3  | Found a frozen archway.
 36606 | Snake:3  | Reached skill level 21 in Ice Magic
 36631 | Snake:3  | Found Zudih's General Store.
 36631 | Snake:3  | Found Heterchue's Assorted Antiques.
 36743 | Snake:3  | Received a gift from Nemelex Xobeh
 37208 | Snake:4  | Entered Level 4 of the Snake Pit
 37347 | Snake:4  | Got Woekiycw's Sophisticated Wizardry
 37355 | Snake:4  | Learned a level 6 spell: Simulacrum
 37618 | Snake:4  | Reached skill level 1 in Necromancy
 38992 | Snake:4  | Found the +3 pair of mountain boots {steadfast, rC+}
 39081 | Snake:4  | Reached XP level 18. HP: 147/147 MP: 22/28
 39300 | Snake:4  | Identified the maw talisman of Beogh's Wrath {rElec Stlth+}
 39320 | Snake:4  | Identified the +1 shortbow of the Breathing King {flame,
                  | Dex+3}
 39887 | Snake:4  | Reached skill level 22 in Ice Magic
 40756 | Snake:4  | Got a serpentine rune of Zot
 41297 | D:4      | Killed kd29's ghost
 41505 | D:11     | Killed Tafosm's ghost
 41647 | Lair:2   | Killed RabbitInGlasses's ghost
 41656 | Lair:2   | Identified the +2 long sword of Honour {holy, rC++ Dex+4}
 41804 | Orc:2    | Killed Gadrel's ghost
 42379 | Snake:2  | Identified the ring "Qoagaomo" {Wiz rF+ rN+}
 42420 | Snake:2  | Found a transporter.
 42634 | Elf:1    | Entered Level 1 of the Elven Halls
 42776 | Elf:1    | Identified the +3 rapier "Sarcophage" {freeze, rPois Str+2
                  | SInv}
 43515 | Elf:1    | Reached skill level 23 in Ice Magic
 44121 | Elf:1    | Found a large runed translucent door.
 44121 | Elf:1    | Found a large runed translucent door.
 44121 | Elf:1    | Noticed Foashama's ghost (adept DsWr)
 44302 | Elf:1    | Received a gift from Nemelex Xobeh
 44697 | Elf:2    | Paralysed by an air elemental for 1 turns
 45109 | Elf:2    | Paralysed by an air elemental for 1 turns
 45116 | Elf:1    | Paralysed by an air elemental for 1 turns
 45144 | Elf:2    | Paralysed by an air elemental for 1 turns
 45192 | Elf:2    | Paralysed by an air elemental for 1 turns
 45248 | Elf:1    | Killed Foashama's ghost
 45249 | Elf:1    | Reached XP level 19. HP: 89/154 MP: 20/29
 45418 | Elf:2    | Paralysed by an air elemental for 1 turns
 45421 | Elf:1    | Paralysed by an air elemental for 1 turns
 45423 | Elf:1    | Paralysed by an air elemental for 1 turns
 47183 | Elf:2    | Reached skill level 24 in Ice Magic
 47462 | Elf:2    | Found a runed translucent gate.
 47462 | Elf:2    | Found a runed translucent gate.
 47463 | Elf:2    | Found a runed translucent gate.
 47642 | Elf:3    | Entered Level 3 of the Elven Halls
 47655 | Elf:3    | Noticed Bai Suzhen
 47674 | Elf:3    | Bai Suzhen changed into Bai Suzhen the golden dragon
 47674 | Elf:3    | Noticed Bai Suzhen
 47681 | Elf:3    | Killed Bai Suzhen the golden dragon
 47734 | Elf:3    | Found Kigrunin's Book Shoppe.
 47796 | Elf:3    | Received a gift from Nemelex Xobeh
 48469 | Elf:3    | Paralysed by an air elemental for 1 turns
 48778 | Elf:3    | Identified the amulet of Departure {RegenMP rC++ rN+ Int+2}
 48839 | Elf:3    | Identified the -1 long sword of the Ghost {flame, rElec
                  | rN+++ Will- Str-3}
 48909 | Elf:3    | Identified the +4 long sword of Nafim {drain, rC+ rN+ Str+5
                  | Dex-3}
 49299 | Elf:3    | Noticed a Brimstone Fiend
 49302 | Elf:3    | Killed from afar by a deep elf sorcerer

Illustrated notes

Levels and vault maps discovered:
D:1:      minmay_arrival_loop, layout_loops_ring, nicolae_figureground_sparkle
D:2:      minmay_recursive_quarters, layout_loops_ring, minmay_quadrilaterals
D:3:      layout_loops_ring, shapermc_ecumenical_altar_petra,
          ebering_ghost_sewer_f, uniq_pargi, uniq_crazy_yiuf_cottage
D:4:      layout_cave_pools, gammafunk_ghost_necromancy
D:5:      layout_layer_cave, minmay_temple_entry_mini_moons, st_stairs_9
D:6:      layout_loops_ring
D:7:      layout_loops_ring, serial_rivers, chequers_serial_rivers_small_a,
          chequers_serial_rivers_large_b, chequers_serial_rivers_room_a,
          chequers_serial_rivers_micro_b
D:8:      layout_cave_pods, nicolae_ossuary_entry_giza, serial_ice,
          serial_ice_f, serial_ice_n, serial_ice_h, serial_ice_m, serial_ice_o,
          serial_ice_c, serial_shops, nicolae_shop_waterfront,
          uniq_prince_ribbit1
D:9:      layout_loops_ring, serial_shops, nicolae_shop_crystal
D:10:     layout_rooms, roderic_batcave, minmay_fractal_squares_diagonal_5,
          uniq_urug
D:11:     layout_loops_ring, erik_lair_island, erik_orc_4,
          hellmonk_ghost_big_iron
D:12:     layout_irregular_city, serial_library_hellmonk_u_bend,
          hellmonk_sif_muna_bookshelves
D:13:     layout_stronghold
D:14:     layout_cave_pods, hangedman_vaults_entry_quadrant_bands,
          minmay_crystal_water, nicolae_trove_entry_crossroad,
          kennysheep_generic_room_13
D:15:     gammafunk_depths_entry_grave, layout_loops_cross,
          minmay_misc_feat_enclosed, uniq_roxanne
Temple:   hellmonk_choose_your_character
Lair:1:   layout_loops_ring, serial_bayou_shore_a, lemuel_fruit_tree,
          infiniplex_staircase_pool_2
Lair:2:   layout_small_grid, elwin_shoals_entry_rooms,
          minmay_snake_entry_guardpost_medium, gammafunk_ghost_hydra_chop,
          chequers_serial_rivers_micro_c, nicolae_lair_lindhole
Lair:3:   layout_regular_city, pf_torpor_hydra
Lair:4:   beargit_carnivore_pack, layout_big_grid, slime_entry_1, minivault_19,
          grunt_megastairs_1
Lair:5:   evil_forest, layout_regular_city, ebering_ghost_reflecting_pool,
          enter_volcano_4, bh_autumn_forest_stairs, minivault_23,
          minmay_hedge_maze, hangedman_lair_unloving_vines, uniq_sonja
Snake:1:  gammafunk_sealed_arena, layout_gridlike, nicolae_shop_self_help,
          grunt_megastairs_3
Snake:2:  gammafunk_sealed_library, layout_layer_cave, ebering_ghost_gozag,
          serial_bayou_pond_d, nicolae_snake_snakes_in_the_grass
Snake:3:  layout_chambers, portal_ice_cave_entry_dragon, serial_bayou_lagoon_a,
          nicolae_snake_springs, minmay_shoptagon
Snake:4:  grunt_snake_rune_pools, layout_cave_town, st_stairs_11
Orc:1:    layout_diamond_mine, uniq_erica
Orc:2:    grunt_orc_tribal_feast, layout_caves, hellmonk_ghost_happy_afterlife
Elf:1:    minmay_elf_arrival_summoners, layout_loops_cross,
          ebering_ghost_disaster_area, hangedman_elven_crosses_minicolossus
Elf:2:    nicolae_elf_blades_splatter_lattice [nicolae_blade_lattice],
          layout_rooms, st_stairs_13, onia_ninara_cookie
Elf:3:    elf_hall, layout_geoelf_castle, serial_shops, nicolae_shop_peninsula,
          nicolae_twisty_statue_hallways, uniq_bai_suzhen

Skill      XL: |  1  2  3  4  5  6  7  8  9 10 11 12 13 14 15 16 17 18 19 |
---------------+----------------------------------------------------------+-----
Dodging        | 3 4 5 6 8 10 12 | 12.8
Fighting       | 1 2 3 4 5 7 9 10 | 10.7
Ice Magic      | 5 6 7 8 11 12 14 16 17 18 19 21 23 24 | 24.5
Short Blades   | 1 2 3 4 5 6 7 8 10 | 10.8
Stealth        | 3 4 5 7 |  7.0
Evocations     | 1 2 3 |  3.0
Throwing       | 1 3 |  3.0
Armour         | 1 2 3 4 5 6 |  6.0
Spellcasting   | 3 4 5 7 |  7.0
Poison Magic   | 1 3 4 5 |  5.0
Hexes          | 1 2 3 |  3.0
Air Magic      | 1 2 3 4 |  4.0
Invocations    | 2 4 5 7 |  7.0
Shields        | 1 4 5 6 7 9 11 13 | 13.0
Summonings     | 3 4 |  4.0
Conjurations   | 3 5 |  5.0
Necromancy     | 2 4 |  4.0

Action                     |  1- 3 |  4- 6 |  7- 9 | 10-12 | 13-15 | 16-18 | 19-21 || total
---------------------------+-------+-------+-------+-------+-------+-------+-------++-------
  Melee: Dagger            |    99 |   143 |   109 |   348 |   176 |       |       ||   875
         Punch             |     1 |     4 |     3 |     9 |       |       |       ||    17
         Tailslap          |       |       |     4 |     1 |       |     3 |       ||     8
         Rapier            |       |       |       |       |   456 |   754 |   207 ||  1417
         Staff             |       |       |       |       |     6 |    29 |       ||    35
  Throw: Dart              |       |    17 |    19 |     3 |     3 |       |       ||    42
         Boomerang         |       |       |     6 |    17 |       |       |       ||    23
   Cast: Freeze            |    26 |    36 |    43 |    76 |    84 |    42 |     8 ||   315
         Ozocubu's Armour  |       |     8 |    33 |    65 |   106 |   131 |    29 ||   372
         Frozen Ramparts   |       |     5 |    23 |    66 |   106 |   120 |    20 ||   340
         Ensorcelled Hiber |       |     2 |       |     4 |    17 |    20 |       ||    43
         Poisonous Vapours |       |       |    43 |   177 |   275 |    82 |    44 ||   621
         Summon Ice Beast  |       |       |       |    18 |    93 |    95 |    34 ||   240
         Mephitic Cloud    |       |       |       |       |     4 |     5 |       ||     9
         Freezing Cloud    |       |       |       |       |     3 |    86 |    15 ||   104
         Simulacrum        |       |       |       |       |       |     4 |    23 ||    27
 Invoke: Draw Destruction  |       |       |       |     4 |    14 |    15 |    14 ||    47
         Draw Escape       |       |       |       |     2 |       |     6 |       ||     8
         Draw Summoning    |       |       |       |       |     9 |     9 |     6 ||    24
  Evoke: Wand              |       |     3 |     5 |       |     5 |     2 |     7 ||    22
         Box of beasts     |       |       |       |       |     1 |     1 |       ||     2
    Use: Potion            |       |       |     1 |     5 |     2 |     6 |       ||    14
         Scroll            |       |       |     1 |    16 |    12 |     1 |     1 ||    31
   Stab: Sleeping          |     9 |     6 |     7 |    11 |    11 |    16 |     2 ||    62
         Distracted        |       |     1 |       |       |     3 |     3 |     3 ||    10
         Petrified         |       |       |       |       |     2 |       |       ||     2
         Petrifying        |       |       |       |       |     1 |       |       ||     1
         Confused          |       |       |       |       |     4 |     1 |       ||     5
         Paralysed         |       |       |       |       |     1 |       |       ||     1
 Armour: Robe              |    57 |    64 |    61 |       |       |   387 |       ||   569
         Steam dragon scal |       |       |    63 |   312 |   314 |       |       ||   689
         Skin              |       |       |       |    22 |       |       |       ||    22
         Leather armour    |       |       |       |       |   422 |   253 |   240 ||   915
  Dodge: Dodged            |    58 |    74 |   113 |   277 |   651 |   704 |   105 ||  1982
  Block: Buckler           |       |       |       |       |   215 |   444 |       ||   659
         Reflection        |       |       |       |       |       |    76 |    15 ||    91
         Kite shield       |       |       |       |       |       |   186 |   179 ||   365

Table legend: (Time is in decaauts)
 A = Elapsed time spent in this place.
 B = Non-inter-level travel time spent in this place.
 C = Inter-level travel time spent in this place.
 D = Time resting spent in this place.
 E = Time spent auto-exploring this place.
 F = Levels seen in this place.
 G = Mean time per level.
                   A        B        C        D        E       F      G
               +--------+--------+--------+--------+--------+-----+--------+
         Total |  48840 |  44976 |   3864 |  10162 |  22829 |  32 | 1526.2 |
       Dungeon |  20061 |  18187 |   1874 |   2132 |  11754 |  15 | 1337.4 |
        Temple |     31 |      8 |     23 |      0 |      0 |   1 |   31.0 |
          Lair |   8051 |   7197 |    854 |   1554 |   3853 |   5 | 1610.2 |
     Snake Pit |  10400 |   9747 |    653 |   2458 |   4489 |   4 | 2600.0 |
  Orcish Mines |   3702 |   3440 |    262 |   1496 |    949 |   2 | 1851.0 |
   Elven Halls |   5919 |   5724 |    195 |   2260 |   1782 |   3 | 1973.0 |
       Ossuary |    196 |    196 |      0 |      4 |      0 |   1 |  196.0 |
       Volcano |    476 |    476 |      0 |    258 |      0 |   1 |  476.0 |
               +--------+--------+--------+--------+--------+-----+--------+

Top non-repeatable levels by time:
 Snake:4: 3464 daAuts
   Elf:1: 3433 daAuts
    D:14: 3429 daAuts
 Snake:2: 2905 daAuts
   Orc:2: 2315 daAuts
 Snake:1: 2280 daAuts
  Lair:5: 2276 daAuts
  Lair:2: 1984 daAuts
 Snake:3: 1750 daAuts
   Elf:3: 1627 daAuts
  Lair:3: 1574 daAuts
     D:5: 1549 daAuts
     D:3: 1515 daAuts
    D:11: 1416 daAuts
     D:8: 1386 daAuts
